 Dungeon Crawl Stone Soup version 0.29.1-1-gd02db6906a (webtiles) character file.

Game seed: 11414000292362425075

151 Demigod47 the Covered (level 5, 0/46 HPs)
             Began as a Minotaur Fighter on Oct 7, 2022.
             Slain by a hobgoblin (6 damage)
             ... led by Robin
             ... on level 3 of the Dungeon.
             The game lasted 00:02:53 (2351 turns).

Demigod47 the Covered (Minotaur Fighter)            Turns: 2351, Time: 00:02:54

Health: 0/46       AC:  8    Str: 22    XL:     5   Next: 11%
Magic:  4/4        EV:  9    Int:  5    God:
Gold:   127        SH:  4    Dex: 10    Spells: 4/4 levels left

rFire   . . .      SeeInvis .   a - +0 flail
rCold   . . .      Faith    .   c - +0 buckler
rNeg    . . .      Spirit   .   b - +0 scale mail
rPois   .          Reflect  .   (helmet restricted)
rElec   .          Harm     .   i - +0 cloak
rCorr   .          Rampage  .   (no gloves)
Will    .....                   (no boots)
Stlth   ..........              (no amulet)
HPRegen 0.15/turn               (no ring)
MPRegen 0.09/turn               (no ring)

@: mighty
A: horns 2, retaliatory headbutt
a: no special abilities


You were on level 3 of the Dungeon.
You visited 1 branch of the dungeon, and saw 3 of its levels.

You collected 127 gold pieces.

Inventory:

Hand Weapons
 a - a +0 flail (weapon)
Missiles
 j - 3 poisoned darts (quivered)
Armour
 b - a +0 scale mail (worn)
 c - a +0 buckler (worn)
 i - a +0 cloak (worn)
Scrolls
 e - a scroll of teleportation {unknown}
 g - 3 scrolls of fear {unknown}
 m - a scroll of enchant weapon {unknown}
 o - 2 scrolls of amnesia {unknown}
 p - a scroll of identify {unknown}
 q - a scroll of enchant armour {unknown}
Potions
 d - 2 potions of might
 f - a potion of attraction {unknown}
 h - 3 potions of flight {unknown}
 k - 4 potions of curing {unknown}
 l - a potion of brilliance {unknown}
 n - a potion of ambrosia {unknown}
 r - a potion of lignification {unknown}


   Skills:
 + Level 4.1 Fighting
 + Level 4.7 Maces & Flails
 + Level 4.8 Armour
 + Level 0.4 Dodging
 + Level 4.1 Shields


You had 4 spell levels left.
You didn't know any spells.
Your spell library contained the following spells:

 Spells                   Type           Power      Damage    Failure   Level
 Apportation              Tloc           0%         N/A       86%         1
 Magic Dart               Conj           0%         1d3       86%         1
 Blink                    Tloc           0%         N/A       95%         2
 Call Imp                 Summ           0%         N/A       95%         2
 Lesser Beckoning         Tloc           0%         N/A       99%         3
 Mephitic Cloud           Conj/Pois/Air  0%         N/A       99%         3
 Alistair's Intoxication  Tmut/Pois      0%         N/A       100%        5
 Manifold Assault         Tloc           0%         N/A       100%        5


Dungeon Overview and Level Annotations

Branches:
Dungeon (3/15)

Altars:
Vehumet
The Shining One

Shops:
D:3 *

Annotations:
D:3 Robin


Innate Abilities, Weirdness & Mutations

You have a pair of horns on your head.
You reflexively headbutt those who attack you in melee.


Message History

The hobgoblin hits you.
You hit the hobgoblin.
The hobgoblin is moderately wounded.
The goblin closely misses you. You block the goblin's attack.
The hobgoblin barely misses you.
You barely miss the hobgoblin. Your headbutt misses the hobgoblin.
The hobgoblin is moderately wounded.
The goblin barely misses you. The hobgoblin closely misses you.
The goblin hits you with a +0 club.
You bludgeon the goblin!!
You kill the goblin!
The goblin barely misses you. You furiously retaliate!
You headbutt the goblin!
You kill the goblin!
The goblin closely misses you.
The hobgoblin hits you but does no damage.
The goblin attacks as you move away! The goblin hits you with a +0 dagger.
The hobgoblin hits you. The goblin hits you with a +0 club.
Things that are here:
a +0 club; a goblin corpse The goblin attacks as you move away!
The goblin barely misses you. The hobgoblin closely misses you.
The hobgoblin attacks as you move away! The hobgoblin barely misses you.
You furiously retaliate!
You headbutt the hobgoblin!
You kill the hobgoblin!
Robin throws the goblin at you! The goblin hits you but does no damage.
You closely miss the goblin. The goblin hits you with a +0 dagger.
The goblin closely misses you. You block the goblin's attack.
The hobgoblin hits you.
* * * LOW HITPOINT WARNING * * *
The hobgoblin attacks as you move away!
The hobgoblin hits you but does no damage.
The goblin barely misses you. The goblin closely misses you.
You furiously retaliate!
You headbutt the goblin!
You kill the goblin!
The hobgoblin attacks as you move away! You block the hobgoblin's attack.
The goblin attacks as you move away! The goblin hits you with a +0 club.
* * * LOW HITPOINT WARNING * * *
Robin throws the goblin at you! The goblin barely misses you.
The hobgoblin attacks as you move away! The hobgoblin hits you.
You die...

# #.............#
###.............##...........<.
[##............................
...............................
.......###.#...................
.......#..+..##................
......##.....#................#
.......#.....##..g.####.......#
.........._.....@gg.g..)......#
#.....##.....##g.g...)).......#
#......#.....#................+
#.....####.#.##.........#.....#
......###..##...........#.....#
......................####.####
........................# ##
......#..............##.#####
.....................+..#...#+#


You could see Robin, 2 hobgoblins and 3 goblins.

Vanquished Creatures
  An iguana (D:3)
  6 adders
  A white imp (D:3)
  A dart slug (D:2)
  An orc (D:3)
  7 endoplasms
  A giant cockroach (D:1)
  10 goblins
  4 hobgoblins
  3 jackals (D:3)
  3 quokkas
  4 ball pythons
  3 bats
  7 frilled lizards
  3 goblin skeletons (D:3)
  A kobold (D:3)
  3 kobold skeletons (D:3)
  2 kobold zombies (D:3)
  2 orc skeletons (D:3)
  An orc zombie (D:3)
  5 rats
69 creatures vanquished.

Notes
Turn   | Place    | Note
-------+----------+-------------------------------------------
     0 | D:1      | Demigod47 the Minotaur Fighter began the quest for the Orb.
     0 | D:1      | Reached XP level 1. HP: 19/19 MP: 0/0
   337 | D:1      | Reached XP level 2. HP: 27/27 MP: 1/1
   818 | D:1      | Found a radiant altar of Vehumet.
  1083 | D:2      | Reached XP level 3. HP: 33/33 MP: 2/2
  1925 | D:3      | Reached XP level 4. HP: 34/40 MP: 3/3
  2096 | D:3      | Found a glowing golden altar of the Shining One.
  2312 | D:3      | Found Til Dubb's Assorted Antiques.
  2330 | D:3      | Noticed Robin
  2336 | D:3      | Reached XP level 5. HP: 46/46 MP: 4/4
  2351 | D:3      | Slain by a hobgoblin

Illustrated notes

Levels and vault maps discovered:
D:1:      dpeg_arrival_water_altar, layout_basic, bh_walls_and_bars
D:2:      layout_basic
D:3:      layout_basic, nicolae_tso_besieged_by_evil,
          shapermc_ecumenical_altar_acropolis, serial_shops,
          nicolae_shop_window_shopping, guppyfry_early_lair_pool, uniq_robin

Skill      XL: |  1  2  3  4 |
---------------+-------------+-----
Armour         | 4 |  4.8
Shields        | 4 |  4.1
Maces & Flails | 3 4 |  4.7
Fighting       | 4 |  4.1
Dodging        | |  0.4

Action                   |  1- 3 |  4- 6 || total
-------------------------+-------+-------++-------
Melee: Flail             |    73 |    54 ||   127
       Headbutt          |     5 |    10 ||    15
  Use: Potion            |       |     1 ||     1
Armor: Scale mail        |    44 |    37 ||    81
Dodge: Dodged            |    45 |    42 ||    87
Block: Buckler           |    22 |    20 ||    42
